 Dungeon Sprint DCSS version 0.29.1-15-g9cfb28693d (webtiles) character file.

Game seed: 11432149512081398908

2917 boopmooplesden the Fencer (level 9, -9/97 HPs)
             Began as a Minotaur Berserker on Mar 10, 2023.
             Was a High Priest of Trog.
             Mangled by a boulder beetle (21 damage)
             ... in the Dungeon (Sprint IX: "|||||||||||||||||||||||||||||").
             The game lasted 00:01:01 (513 turns).

boopmooplesden the Fencer (Minotaur Berserker)       Turns: 513, Time: 00:01:02

Health: -9/97      AC: 14    Str: 27    XL:     9   Next: 50%
Magic:  8/8        EV: 15    Int:  4    God:    Trog [*****.]
Gold:   0          SH:  0    Dex:  9    Spells: 8/8 levels left

rFire   . . .      SeeInvis .   k - +2 scimitar (holy)
rCold   . . .      Faith    .   (no shield)
rNeg    . . .      Spirit   .   n - +1 scale mail
rPois   .          Reflect  .   (helmet restricted)
rElec   .          Harm     .   l - +0 cloak
rCorr   .          Rampage  .   (no gloves)
Will    .....      NoTele   +   m - +0 pair of boots
Stlth   ..........              (no amulet)
HPRegen 0.26/turn               p - +2 ring of evasion
MPRegen 0.11/turn               o - +2 ring of protection

@: on berserk cooldown, slowed, very slow
A: horns 2, retaliatory headbutt
a: Renounce Religion, Berserk, Trog's Hand, Brothers in Arms


You were in the Dungeon.
You worshipped Trog.
Trog was extremely pleased with you.
You visited 1 branch

Inventory:

Hand Weapons
 a - a +0 falchion
 k - a +2 scimitar of holy wrath (weapon)
Armour
 b - a +0 animal skin
 l - a +0 cloak (worn)
 m - a +0 pair of boots (worn)
 n - a +1 scale mail (worn)
Jewellery
 o - a +2 ring of protection (right hand)
 p - a +2 ring of evasion (left hand)
Wands
 j - a wand of light (10)
Scrolls
 h - 2 scrolls of blinking
Potions
 c - 5 potions of curing
 d - 2 potions of heal wounds
 e - a potion of haste
 f - 4 potions of magic
 g - a potion of berserk rage
 i - a potion of invisibility


   Skills:
 + Level 15.2 Fighting
 + Level 17.1 Long Blades
 + Level 9.3 Armour
 + Level 9.8 Dodging


You had 8 spell levels left.
You didn't know any spells.
Your spell library was empty.

Dungeon Overview and Level Annotations

Branches:
Dungeon (1/1)

Altars:
Cheibriados
Dithmenos
Elyvilon
Fedhas
Gozag
Hepliaklqana
Kikubaaqudgha
Makhleb
Nemelex Xobeh
Okawaru
Qazlal
Ru
Sif Muna
Trog
Uskayaw
Vehumet
Wu Jian
Xom
Yredelemnul
Zin
The Shining One
Jiyva
Lugonu


Innate Abilities, Weirdness & Mutations

You have a pair of horns on your head.
You reflexively headbutt those who attack you in melee.


Message History

You kill the efreet!
Trog accepts your kill.
The boulder beetle curls into a ball and begins rolling!
Your Long Blades skill increases to level 17!
You feel sick.
The boulder beetle is engulfed in blazing flames.
The boulder beetle misses you.
The boulder beetle stops rolling and uncurls.
Items here: ))) [ ††.
You slash the boulder beetle!
The boulder beetle is severely wounded.
You feel sick.
You are no longer poisoned.
The boulder beetle bites you!
* * * LOW HITPOINT WARNING * * *
The boulder beetle bites you but does no damage.
You hit the boulder beetle but do no damage.
You headbutt the boulder beetle, but do no damage.
The boulder beetle is severely wounded.
The boulder beetle closely misses you.
You hit the boulder beetle but do no damage.
The boulder beetle is severely wounded.
The boulder beetle leaps!
You hit the boulder beetle but do no damage.
You headbutt the boulder beetle, but do no damage.
The boulder beetle is severely wounded.
The boulder beetle bites you.
* * * LOW HITPOINT WARNING * * *
You hit the boulder beetle. You headbutt the boulder beetle!
The boulder beetle is severely wounded.
The boulder beetle bites you!
* * * LOW HITPOINT WARNING * * *
You feel much better. The boulder beetle bites you!
* * * LOW HITPOINT WARNING * * *
The boulder beetle bites you!
* * * LOW HITPOINT WARNING * * *
You hit the boulder beetle but do no damage.
The boulder beetle is severely wounded.
The boulder beetle bites you!!
You die... ▓▓▓▓▓▓▓▓▓▓▓▓▓▓▓▓▓▓▓▓▓▓ )......').....')@B...+ ▓▓▓▓▓▓▓▓▓▓▓▓▓▓▓▓▓▓▓▓▓▓

You could see a boulder beetle.

Vanquished Creatures
  A centaur warrior (D)
  A two-headed ogre (D)
  An efreet (D)
  A meliai (D)
  A troll (shapeshifter) (D)
  A hornet (D)
  2 trolls (D)
  A basilisk (D)
  A black bear (D)
  An ogre (D)
  A kobold brigand (D)
  A killer bee (D)
  A hound (D)
  A white imp (D)
  An ufetubus (D)
  An endoplasm (D)
  A goblin (D)
  A hobgoblin (D)
  A quokka (D)
  A rat (D)
21 creatures vanquished.

Notes
Turn   | Place    | Note
-------+----------+-------------------------------------------
     0 | D        | boopmooplesden the Minotaur Berserker began the quest for
                  | the Orb.
     0 | D        | Reached XP level 1. HP: 19/19 MP: 0/0
     5 | D        | Reached skill level 4 in Long Blades
    12 | D        | Reached ** piety under Trog
   179 | D        | Noticed a hound
   179 | D        | Noticed a black bear
   179 | D        | Noticed an ogre
   183 | D        | Killed a hound
   184 | D        | Reached skill level 5 in Fighting
   184 | D        | Reached skill level 6 in Long Blades
   184 | D        | Reached XP level 2. HP: 30/30 MP: 1/1
   184 | D        | Reached XP level 3. HP: 37/37 MP: 2/2
   190 | D        | Killed a black bear
   190 | D        | Reached *** piety under Trog
   191 | D        | Reached skill level 8 in Long Blades
   191 | D        | Reached XP level 4. HP: 43/48 MP: 3/3
   192 | D        | Killed an ogre
   193 | D        | Reached skill level 9 in Long Blades
   193 | D        | Reached skill level 5 in Dodging
   193 | D        | Reached XP level 5. HP: 51/57 MP: 4/4
   235 | D        | Found a snail-covered altar of Cheibriados.
   235 | D        | Found a shadowy altar of Dithmenos.
   235 | D        | Found a white marble altar of Elyvilon.
   235 | D        | Found a blossoming altar of Fedhas.
   235 | D        | Found an opulent altar of Gozag.
   236 | D        | Found a hazy altar of Hepliaklqana.
   237 | D        | Found a viscous altar of Jiyva.
   238 | D        | Found an ancient bone altar of Kikubaaqudgha.
   239 | D        | Found a corrupted altar of Lugonu.
   240 | D        | Found a burning altar of Makhleb.
   241 | D        | Found a sparkling altar of Nemelex Xobeh.
   242 | D        | Found an iron altar of Okawaru.
   243 | D        | Found a stormy altar of Qazlal.
   244 | D        | Found a sacrificial altar of Ru.
   245 | D        | Found a shimmering blue altar of Sif Muna.
   246 | D        | Found a bloodstained altar of Trog.
   247 | D        | Found a hide-covered altar of Uskayaw.
   248 | D        | Found a radiant altar of Vehumet.
   249 | D        | Found an ornate altar of the Wu Jian Council.
   250 | D        | Found a shimmering altar of Xom.
   251 | D        | Found a basalt altar of Yredelemnul.
   252 | D        | Found a glowing silver altar of Zin.
   253 | D        | Found a glowing golden altar of the Shining One.
   304 | D        | Noticed a troll
   304 | D        | Noticed a two-headed ogre
   304 | D        | Noticed a hornet
   304 | D        | Noticed a troll
   310 | D        | Killed a troll
   310 | D        | Reached **** piety under Trog
   311 | D        | Reached skill level 10 in Fighting
   311 | D        | Reached skill level 11 in Long Blades
   311 | D        | Reached skill level 5 in Armour
   311 | D        | Reached XP level 6. HP: 67/67 MP: 5/5
   316 | D        | Killed a two-headed ogre
   317 | D        | Reached skill level 13 in Long Blades
   317 | D        | Reached XP level 7. HP: 78/78 MP: 6/6
   320 | D        | Killed a hornet
   321 | D        | Reached skill level 14 in Long Blades
   321 | D        | Reached XP level 8. HP: 85/85 MP: 7/7
   324 | D        | Killed a troll
   330 | D        | Reached ***** piety under Trog
   331 | D        | Reached skill level 15 in Long Blades
   478 | D        | Noticed a troll
   478 | D        | Noticed a centaur warrior
   478 | D        | Noticed a boulder beetle
   478 | D        | Noticed a meliai
   478 | D        | Noticed an efreet
   484 | D        | Killed a troll
   490 | D        | Killed a centaur warrior
   491 | D        | Reached skill level 16 in Long Blades
   491 | D        | Reached XP level 9. HP: 96/96 MP: 8/8
   497 | D        | Killed a meliai
   502 | D        | Reached skill level 15 in Fighting
   504 | D        | Killed an efreet
   505 | D        | Reached skill level 17 in Long Blades
   513 | D        | Mangled by a boulder beetle

Illustrated notes

Levels and vault maps discovered:
D:        linesprint [early_d, line_temple, items_1, d_10, items_2, lair_1,
          lair_end, items_3, orc_1, orc_end, items_4, d_15, swamp_1, shoals_1,
          snake_1, spider_1, d_20, vaults_1, items_5, swamp_end, shoals_end,
          snake_end, spider_end, vaults_end, d_27, items_6, zot_1, zot_end,
          crypt_end, forest_end, elf_end, slime_end, tomb_end, abyss_end,
          pan_hell_end]

Skill      XL: |  1  2  3  4  5  6  7  8  9 |
---------------+----------------------------+-----
Fighting       | 5 7 9 10 12 14 15 | 15.2
Long Blades    | 6 8 9 11 13 14 16 17 | 17.1
Armour         | 3 4 5 7 8 9 |  9.3
Dodging        | 3 4 5 6 7 8 9 |  9.8

Action                   |  1- 3 |  4- 6 |  7- 9 || total
-------------------------+-------+-------+-------++-------
Melee: Falchion          |    26 |     6 |       ||    32
       Headbutt          |     2 |     2 |    11 ||    15
       Punch             |     1 |       |       ||     1
       Scimitar          |       |    10 |    44 ||    54
Invok: Berserk           |     2 |     1 |     1 ||     4
  Use: Potion            |       |       |     1 ||     1
Armor: Animal skin       |     5 |     1 |       ||     6
       Scale mail        |       |     3 |     8 ||    11
Dodge: Dodged            |    11 |    14 |    30 ||    55
